 Dungeon Crawl Stone Soup version 0.30.1-3-gfc49f6343a (webtiles) character file.

Game seed: 14286296995852439503

7653 Zeor the Covert (level 11, -15/56 HPs)
             Began as a Vine Stalker Enchanter on July 20, 2023.
             Was an Elder of Wu Jian.
             Demolished by a two-headed ogre
             ... wielding a +0 giant spiked club
              (16 damage)
             ... on level 10 of the Dungeon.
             The game lasted 00:51:29 (9122 turns).

Zeor the Covert (Vine Stalker Enchanter)            Turns: 9122, Time: 00:51:31

Health: -15/56     AC:  6    Str: 16    XL:     11   Next: 18%
Magic:  0/23       EV: 17    Int: 19    God:    Wu Jian [****..]
Gold:   172        SH:  0    Dex: 16    Spells: 9/25 levels left

rFire   . . .        a - +3 dagger (elec)
rCold   . . .        (no shield)
rNeg    . . .        j - +1 leather armour {Will+}
rPois   +            (no helmet)
rElec   .            K - +0 cloak
rCorr   .            A - +0 pair of gloves
SInv    .            (no boots)
Will    ++...        s - amulet of magic regeneration
Stlth   ++++++       f - +5 ring of evasion
HPRegen 1.09/turn    L - ring of the Final Wishes {Fly rPois Str+6 Stlth+}
MPRegen 0.58/turn

%: guardian spirit
@: flying
A: fangs 3, regeneration 1, magic shield, antimagic bite, no potion heal 2
a: Renounce Religion, Wall Jump, Serpent's Lash


You were on level 10 of the Dungeon.
You worshipped Wu Jian.
Wu Jian was greatly pleased with you.
You visited 2 branches of the dungeon, and saw 11 of its levels.

You collected 750 gold pieces.
You spent 578 gold pieces at shops.

Inventory:

Hand Weapons
 a - a +3 dagger of electrocution (weapon)
 b - the +9 mace of Wondrous Power {spect, rElec Str-3 Dex+4 Stlth+}
   (You found it on level 9 of the Dungeon)

   Str:       It affects your strength (-3).
   Dex:       It affects your dexterity (+4).
   rElec:     It insulates you from electricity.
   Stlth:     It makes you more stealthy.
 c - a +4 shortbow of draining
 l - a +0 rapier
 r - a +1 dagger
 C - a +0 dagger of freezing
 J - a +1 dagger of speed
Missiles
 i - 9 boomerangs
 t - 3 throwing nets
 H - 2 silver boomerangs
Armour
 d - an orb of mayhem
 j - a +1 leather armour of willpower (worn)
 o - an orb of energy
 A - a +0 pair of gloves (worn)
 K - a +0 cloak (worn)
Magical Staves
 k - a staff of air
Jewellery
 f - a +5 ring of evasion (left hand)
 m - an amulet of the acrobat
 s - an amulet of magic regeneration (around neck)
 x - a ring of protection from cold
 y - a ring of see invisible
 L - the ring of the Final Wishes (right hand) {Fly rPois Str+6 Stlth+}
   (You bought it in a shop on level 9 of the Dungeon)

   [ring of poison resistance]

   Str:       It affects your strength (+6).
   rPois:     It protects you from poison.
   Fly:       It grants you flight.
   Stlth:     It makes you more stealthy.
Wands
 g - a wand of roots (17)
 w - a wand of digging (5)
 I - a wand of charming (16)
Scrolls
 n - 3 scrolls of fog
 p - a scroll of poison
 D - 3 scrolls of teleportation
 F - 2 scrolls of magic mapping
Potions
 e - 5 potions of curing
 h - a potion of might
 q - a potion of flight
 u - a potion of attraction
 v - a potion of lignification
 z - a potion of berserk rage {unknown}
 E - 3 potions of brilliance
 G - 3 potions of haste {unknown}


   Skills:
 * Level 5.7 Fighting
 + Level 3.6 Short Blades
 + Level 1.0 Maces & Flails
 + Level 5.4 Ranged Weapons
 + Level 2.9 Armour
 + Level 2.9 Dodging
 + Level 11.7 Stealth
 * Level 7.6 Spellcasting
 + Level 0.7 Conjurations
 + Level 5.6 Hexes
 + Level 3.8 Ice Magic


You had 9 spell levels left.
You knew the following spells:

 Your Spells              Type           Power      Damage    Failure   Level
a - Ensorcelled Hibernat  Hex/Ice        50%        N/A       2%          2
b - Confusing Touch       Hex            28%        N/A       3%          3
c - Tukima's Dance        Hex            28%        N/A       3%          3
d - Dazzling Flash        Conj/Hex       38%        N/A       10%         3
e - Passwall              Tmut/Erth      5%         N/A       17%         2
f - Portal Projectile     Hex/Tloc       36%        N/A       11%         3

Your spell library contained the following spells:

 Spells                   Type           Power      Damage    Failure   Level
 Apportation              Tloc           14%        N/A       11%         1
 Summon Guardian Golem    Hex/Summ       17%        N/A       11%         3
 Beastly Appendage        Tmut           14%        N/A       12%         1
 Necrotise                Necr           28%        1d5       12%         1
 Summon Small Mammal      Summ           28%        N/A       12%         1
 Wereblood                Tmut           7%         N/A       17%         2
 Call Canine Familiar     Summ           7%         N/A       34%         3
 Spider Form              Tmut/Pois      7%         N/A       34%         3
 Swiftness                Air            7%         N/A       34%         3
 Blade Hands              Tmut           3%         N/A       97%         5


Dungeon Overview and Level Annotations

Branches:
Dungeon (10/15)            Temple (1/1) D:5             Orc (0/2) D:10
   Lair: D:8-11

Altars:
Ashenzari
Cheibriados
Dithmenos
Elyvilon
Fedhas
Gozag
Hepliaklqana
Kikubaaqudgha
Makhleb
Nemelex Xobeh
Okawaru
Qazlal
Ru
Sif Muna
Trog
Uskayaw
Vehumet
Wu Jian
Xom
Yredelemnul
Zin
The Shining One

Shops:
D:1 *   D:5 (   D:9 =

Annotations:
D:4 2 transporters
D:10 Sonja


Innate Abilities, Weirdness & Mutations

You have razor-sharp teeth.
Your natural rate of healing is unusually fast.
When hurt, damage is shared between your health and your magic reserves.
Your bite disrupts and absorbs the magic of your enemies.
Potions cannot restore your health.


Message History

Casting: Ensorcelled Hibernation (safe; 2% risk of failure)
Confirm with . or Enter, or press ? or * to list all spells.
Aiming: Ensorcelled Hibernation (safe; 2% risk of failure)
Press: ? - help, Shift-Dir - straight line, p - yak Nothing appears to happen.
The yak gores you. The yak misses you. The yak gores you!
Okay, then.
You spin and attack the yak.
You hit the yak. You bite the yak. You drain its power.
You feel invigorated.
The yak is lightly wounded.
You spin and attack the yak repeatedly.
You hit the yak but do no damage. Lightning courses through the yak!!
The yak is heavily wounded.
You hit the yak.
The yak is severely wounded.
The yak is no longer blind.
The yak gores you!
* * * LOW HITPOINT WARNING * * *
The yak gores you!
* * * LOW HITPOINT WARNING * * *
As you read the scroll of teleportation, it crumbles to dust.
You feel strangely unstable.
The yak barely misses you. x2; The yak gores you.
* * * LOW HITPOINT WARNING * * *
The yak attacks as you move away! The yak barely misses you.
The yak attacks as you move away! The yak completely misses you.
Your surroundings suddenly seem different.
The two-headed ogre shouts in stereo!
Casting: Ensorcelled Hibernation (safe; 2% risk of failure)
Confirm with . or Enter, or press ? or * to list all spells.
Aiming: Ensorcelled Hibernation (safe; 2% risk of failure)
Press: ? - help, Shift-Dir - straight line, f - two-headed ogre
Aim: a two-headed ogre, wielding a +0 giant spiked club and a +0 giant club (chance to affect: 38%)
The two-headed ogre looks drowsy...
You lunge at the two-headed ogre.
The helpless two-headed ogre fails to defend itself.
You spit the two-headed ogre like a pig!!!
The two-headed ogre is almost dead.
The two-headed ogre hits you with a +0 giant spiked club!!
* * * LOW HITPOINT WARNING * * *
The two-headed ogre hits you with a +0 giant club!
You die...

∙∙∙∙▒▒▒ ∙∙∙∙∙▒
▒∙∙∙∙∙∙∙▒▒▒▒▒∙∙∙∙∙▒
▒∙∙∙∙∙∙∙∙∙∙∙∙∙∙∙∙∙▒
■∙∙∙∙∙∙∙∙∙∙∙∙∙∙∙∙∙▒
▒∙∙∙∙∙∙∙∙∙∙∙∙∙∙∙∙∙▒
▒▒▒▒▒▒▒▒∙∙∙∙∙∙∙∙∙∙∙∙∙∙∙∙∙▒
∙∙∙∙∙∙∙∙∙∙∙∙∙∙∙∙∙∙∙∙∙∙∙∙∙▒
∙∙∙∙∙∙∙∙∙∙∙∙∙∙∙Of∙∙∙∙∙∙∙∙▒
∙∙∙∙∙∙∙∙∙∙∙∙∙∙∙▒▒▒▒▒▒∙∙∙▒▒
∙∙▒▒▒'▒▒▒▒▒▒▒▒▒▒ ∙▒
∙∙▒∙∙∙∙∙∙∙∙∙∙∙∙∙∙
∙∙▒∙∙∙∙∙∙∙∙∙∙∙∙∙∙
∙∙▒∙∙∙∙∙∙∙∙∙∙∙∙∙=
∙∙▒∙∙∙∙∙∙∙∙∙∙∙∙∙
∙∙▒∙∙∙∙∙∙∙∙∙∙∙∙
∙∙▒▒▒▒▒▒▒▒▒'▒▒▒▒▒'▒▒▒


You could see a two-headed ogre.

Vanquished Creatures
  Joseph (D:9)
  A komodo dragon (D:8)
  A hornet (D:7)
  Sigmund (D:3)
  A wyvern (D:9)
  11 yaks
  2 steam dragons (D:7)
  Grum (D:9)
  A water moccasin (D:6)
  3 black bears
  An ice beast (D:6)
  A sky beast (D:6)
  3 orc warriors (D:8)
  3 ogres
  4 wolves (D:9)
  A kobold brigand (D:8)
  A phantom (D:6)
  Blork the orc (D:4)
  10 bullfrogs
  2 gnoll sergeants
  2 scorpions (D:5)
  4 wights (D:9)
  13 killer bees
  2 electric eels (D:9)
  2 hounds
  4 orc priests
  3 jellies (D:4)
  4 iguanas
  2 sleepcaps
  10 orc wizards
  Robin (D:4)
  7 gnolls
  6 adders
  2 river rats (D:5)
  3 white imps
  2 ufetubi
  3 dart slugs
  57 orcs
  4 ball pythons
  3 endoplasms
  3 giant cockroaches
  16 goblins
  7 hobgoblins
  8 jackals (D:2)
  15 kobolds
  5 quokkas
  10 bats
  2 frilled lizards
  6 rats
256 creatures vanquished.

Vanquished Creatures (collateral kills)
  2 orc warriors
2 creatures vanquished.

Vanquished Creatures (others)
  2 dancing weapons
  A killer bee (D:9)
  An orc wizard (D:5)
4 creatures vanquished.

Grand Total: 262 creatures vanquished

Notes
Turn   | Place    | Note
-------+----------+-------------------------------------------
     0 | D:1      | Zeor the Vine Stalker Enchanter began the quest for the
                  | Orb.
     0 | D:1      | Reached XP level 1. HP: 9/9 MP: 4/4
   123 | D:1      | Reached skill level 4 in Stealth
   125 | D:1      | Reached XP level 2. HP: 13/13 MP: 6/6
   129 | D:1      | Learned a level 2 spell: Ensorcelled Hibernation
   539 | D:1      | Found Tekle's Assorted Antiques.
   820 | D:2      | Reached XP level 3. HP: 16/16 MP: 4/7
   883 | D:2      | Reached skill level 1 in Short Blades
   937 | D:2      | Learned a level 3 spell: Confusing Touch
  2009 | D:3      | Found a glowing golden altar of the Shining One.
  2269 | D:3      | Found a glowing silver altar of Zin.
  2375 | D:3      | Gained mutation: Your natural rate of healing is unusually
                  | fast. [Vine Stalker growth]
  2375 | D:3      | Reached XP level 4. HP: 21/21 MP: 9/9
  2399 | D:3      | Reached skill level 5 in Stealth
  2411 | D:3      | Identified a scroll of acquirement
  2411 | D:3      | Acquired a +4 shortbow of draining
  2674 | D:3      | Noticed an ogre
  2691 | D:3      | Killed an ogre
  2692 | D:3      | Reached skill level 1 in Fighting
  2692 | D:3      | Reached XP level 5. HP: 25/25 MP: 10/10
  2709 | D:3      | Noticed Sigmund
  2724 | D:3      | Killed Sigmund
  2725 | D:3      | Reached skill level 1 in Ranged Weapons
  2725 | D:3      | Reached skill level 1 in Armour
  2725 | D:3      | Reached skill level 6 in Stealth
  2725 | D:3      | Reached skill level 1 in Ice Magic
  2725 | D:3      | Reached XP level 6. HP: 30/30 MP: 11/11
  2937 | D:4      | Noticed Blork the orc
  2955 | D:4      | Killed Blork the orc
  2956 | D:4      | Reached XP level 7. HP: 27/35 MP: 10/13
  3215 | D:4      | Found a transporter.
  3255 | D:4      | Found a transporter.
  3256 | D:4      | Identified the +8 spear of Wu Jian's Approval {vamp, Int+2}
  3299 | D:4      | Learned a level 3 spell: Tukima's Dance
  3604 | D:4      | Noticed Robin
  3611 | D:4      | Killed Robin
  3878 | D:5      | Entered Level 5 of the Dungeon
  3878 | D:5      | Found a staircase to the Ecumenical Temple.
  4151 | D:5      | Reached skill level 7 in Stealth
  4156 | Temple   | Entered the Ecumenical Temple
  4257 | Temple   | Became a worshipper of the Wu Jian Council
  4363 | D:5      | You fall into a shaft and drop 1 floor!
  4388 | D:5      | Found a large runed translucent door.
  4392 | D:5      | Found a large runed translucent door.
  4405 | D:5      | Gained mutation: You have razor-sharp teeth. [Vine Stalker
                  | growth]
  4405 | D:5      | Reached XP level 8. HP: 39/39 MP: 12/15
  4509 | D:5      | Found Loboci's Hydra Hut.
  4510 | D:5      | Noticed a four-headed hydra
  4991 | D:5      | Found an opulent altar of Gozag.
  4994 | D:5      | Reached * piety under Wu Jian
  5001 | D:5      | Found a shadowy altar of Dithmenos.
  5246 | D:6      | Reached skill level 5 in Spellcasting
  5576 | D:6      | Reached skill level 8 in Stealth
  5631 | D:6      | Reached XP level 9. HP: 44/44 MP: 18/18
  5959 | D:7      | Noticed a hornet
  5968 | D:7      | Killed a hornet
  5969 | D:7      | Reached skill level 9 in Stealth
  6100 | D:7      | Reached skill level 10 in Stealth
  6494 | D:7      | Found a stormy altar of Qazlal.
  6971 | D:8      | Noticed a komodo dragon
  6997 | D:8      | Killed a komodo dragon
  6998 | D:8      | Reached skill level 5 in Ranged Weapons
  6998 | D:8      | Reached XP level 10. HP: 20/49 MP: 10/20
  7165 | D:8      | Learned a level 3 spell: Dazzling Flash
  7168 | D:8      | Learned a level 2 spell: Passwall
  7235 | D:8      | Reached ** piety under Wu Jian
  7472 | D:8      | Reached skill level 5 in Hexes
  7542 | D:8      | Reached skill level 11 in Stealth
  7678 | D:8      | Reached skill level 5 in Fighting
  7907 | D:9      | Noticed Joseph
  7922 | D:9      | Killed Joseph
  7925 | D:9      | Reached *** piety under Wu Jian
  8116 | D:9      | Identified the +9 mace of Wondrous Power {spect, rElec
                  | Str-3 Dex+4 Stlth+}
  8342 | D:9      | Learned a level 3 spell: Portal Projectile
  8349 | D:9      | Identified the +2 scale mail of Joocomim {Int+3 Dex+2}
  8359 | D:9      | Reached XP level 11. HP: 56/56 MP: 17/23
  8411 | D:9      | Found Iruehain's Jewellery Shoppe.
  8416 | D:9      | Bought the ring of the Final Wishes {Fly rPois Str+6
                  | Stlth+} for 578 gold pieces
  8424 | D:9      | Noticed Grum
  8467 | D:9      | Killed Grum
  8787 | D:10     | Entered Level 10 of the Dungeon
  8787 | D:10     | Noticed Sonja
  8943 | D:10     | Reached **** piety under Wu Jian
  8944 | D:10     | Reached skill level 1 in Maces & Flails
  8955 | D:10     | Found a staircase to the Orcish Mines.
  9042 | D:10     | Noticed a two-headed ogre
  9122 | D:10     | HP: 1/56 [two-headed ogre/+0 giant spiked club (18)]
  9122 | D:10     | Demolished by a two-headed ogre

Illustrated notes

Levels and vault maps discovered:
D:1:      wander_arrival_desolate, layout_loops_cross, serial_shops,
          nicolae_shop_statue_plus, nicolae_titane
D:2:      layout_basic
D:3:      layout_loops_corners, tso_metal_star, lemuel_tele_altar,
          serial_park_tiny_pond, uniq_sigmund
D:4:      minmay_inner_zag, layout_rooms, gammafunk_ghost_gnarly_gnolls,
          uniq_blork_the_orc, uniq_robin
D:5:      layout_basic, jmf_multi_god_temple2, minmay_temple_entry_trees,
          gup_sewer_entry_bowl, doesnt_shop_hydraphobe
D:6:      layout_basic
D:7:      layout_loops_cross, grunt_qazlal_clouds
D:8:      layout_gridville, special_room [special_room_orc], glass_columns_b,
          mrwooster_statue_mirror
D:9:      layout_basic, serial_shops, shop, chequers_big_river, uniq_joseph,
          uniq_grum
D:10:     layout_irregular_city, hiddenorc1_lemuel, st_stairs_14, uniq_sonja
Temple:   minmay_crystal_spiral_temple

Skill      XL: |  1  2  3  4  5  6  7  8  9 10 11 |
---------------+----------------------------------+-----
Stealth        | 4 5 6 7 8 10 11 | 11.7
Short Blades   | 1 2 3 |  3.6
Fighting       | 1 2 3 5 |  5.7
Ranged Weapons | 1 2 3 5 |  5.4
Armour         | 1 2 |  2.9
Spellcasting   | 3 4 5 6 7 |  7.6
Ice Magic      | 1 2 3 |  3.8
Dodging        | 2 |  2.9
Hexes          | 4 5 |  5.6
Maces & Flails | 1 |  1.0
Conjurations   | |  0.7

Action                     |  1- 3 |  4- 6 |  7- 9 | 10-12 || total
---------------------------+-------+-------+-------+-------++-------
  Melee: Dagger            |    93 |    27 |   232 |   173 ||   525
         Bite              |    11 |     6 |    60 |    59 ||   136
         Punch             |       |       |     2 |     3 ||     5
         Mace              |       |       |       |    50 ||    50
   Fire: Shortbow          |       |     9 |    34 |    22 ||    65
   Cast: Ensorcelled Hiber |    26 |     1 |    68 |    50 ||   145
         Confusing Touch   |     1 |       |     9 |    10 ||    20
         Tukima's Dance    |       |       |     1 |     6 ||     7
         Dazzling Flash    |       |       |       |    13 ||    13
         Portal Projectile |       |       |       |     2 ||     2
Ability: Lunge             |       |       |    26 |    23 ||    49
         Whirlwind         |       |       |     7 |    28 ||    35
  Evoke: Wand              |       |     1 |       |       ||     1
    Use: Scroll            |     5 |     1 |    11 |     7 ||    24
         Potion            |     1 |     1 |     3 |       ||     5
   Stab: Sleeping          |    30 |     7 |    46 |    39 ||   122
         Invisible         |       |       |     1 |     7 ||     8
         Confused          |       |       |     2 |     3 ||     5
         Distracted        |       |       |       |     1 ||     1
 Armour: Robe              |    11 |       |       |       ||    11
         Leather armour    |    25 |       |    38 |    21 ||    84
  Dodge: Dodged            |   100 |    20 |   190 |   190 ||   500
